 Dungeon Crawl Stone Soup version 0.30-a0-808-g6e0788376e (webtiles) character file.

Game seed: 3599854977703133324

840 Demosthentine the Poker (level 7, -1/55 HPs)
             Began as a Demonspawn Gladiator on Feb 26, 2023.
             Slain by a water moccasin (6 damage)
             ... on level 5 of the Dungeon.
             The game lasted 00:04:09 (4240 turns).

Demosthentine the Poker (Demonspawn Gladiator)      Turns: 4240, Time: 00:04:09

Health: -1/55      AC:  7    Str: 14    XL:     7   Next: 67%
Magic:  7/7        EV: 14    Int:  9    God:
Gold:   246        SH:  0    Dex: 17    Spells: 6/6 levels left

rFire   . . .      SeeInvis .    a - +1 trident
rCold   . . .      Faith    .    (no shield)
rNeg    . . .      Spirit   .    b - +0 leather armour
rPois   .          Reflect  .    (helmet restricted)
rElec   .          Harm     .    q - +1 cloak
rCorr   .          Rampage  .    (no gloves)
Will    .....                    (no boots)
Stlth   +                        (no amulet)
HPRegen 0.29/turn                (no ring)
MPRegen 0.10/turn                (no ring)

@: studying Ranged Weapons
A: horns 2, slimy green scales 1, powered by death 1, demonic magic 1
a: no special abilities


You were on level 5 of the Dungeon.
You visited 1 branch of the dungeon, and saw 5 of its levels.

You collected 246 gold pieces.

Inventory:

Hand Weapons
 a - a +1 trident (weapon)
Missiles
 d - a throwing net (quivered)
 e - a javelin
Armour
 b - a +0 leather armour (worn)
 q - a +1 cloak (worn)
Wands
 o - a wand of polymorph (10)
Scrolls
 c - a scroll of magic mapping
 f - a scroll of fear
 g - 2 scrolls of identify
 k - a scroll of enchant weapon
 m - a scroll of amnesia
 t - a scroll of summoning
Potions
 h - 3 potions of heal wounds
 i - a potion of resistance
 j - a potion of might
 n - a potion of attraction


   Skills:
 + Level 4.6 Fighting
 + Level 4.8 Polearms
 - Level 1.7 Throwing
 + Level 3.7 Armour
 + Level 4.7 Dodging


You had 6 spell levels left.
You didn't know any spells.
Your spell library contained the following spells:

 Spells                   Type           Power      Damage    Failure   Level
 Necrotise                Necr           0%         1d4       45%         1
 Vampiric Draining        Necr           0%         2d6       83%         3
 Agony                    Necr           0%         N/A       100%        5


Dungeon Overview and Level Annotations

Branches:
Dungeon (5/15)
 Temple: D:4-7

Altars:
Cheibriados
Hepliaklqana
Qazlal

Shops:
D:2 =


Innate Abilities, Weirdness & Mutations

You have a pair of horns on your head.
You are partially covered in slimy green scales. (AC +2)
You regenerate a little health from kills.
Spells you cast may paralyse adjacent enemies.


Message History

The water moccasin is lightly wounded.
You feel sick. The water moccasin barely misses you.
You closely miss the water moccasin. You headbutt the water moccasin.
The water moccasin is lightly wounded.
You feel sick. The water moccasin misses you.
The water moccasin closely misses you.
You hit the water moccasin.
You headbutt the water moccasin, but do no damage.
The water moccasin is moderately wounded.
You feel sick. The water moccasin barely misses you.
You closely miss the water moccasin.
The water moccasin is moderately wounded.
You feel sick.
The water moccasin bites you but does no damage.
The water moccasin bites you.
You are more poisoned.
The water moccasin poisons you!
You completely miss the water moccasin.
You headbutt the water moccasin, but do no damage.
The water moccasin is moderately wounded.
You feel very sick. The water moccasin closely misses you.
You closely miss the water moccasin.
The water moccasin is moderately wounded.
You feel very sick. The water moccasin bites you.
* * * LOW HITPOINT WARNING * * *
The water moccasin bites you.
* * * LOW HITPOINT WARNING * * *
You feel better.
The water moccasin bites you but does no damage.
Throw: 2 throwing nets
Press: ? - help, Q - select action, (/) - cycle Shift-Dir - straight line, f - water moccasin
Aim: a water moccasin (moderately wounded, 44% to hit)
You throw a throwing net.
The throwing net closely misses the water moccasin.
The water moccasin bites you!
* * * LOW HITPOINT WARNING * * *
The water moccasin bites you.
You die...

.......# .......# ..
#......# ⌠. # .......#
.####. .#+#...# #..(. .#
#...# #...## ####...#
#....# ##.##### ### #.S.#
##.##### #.# #.@.#####.
.......# #.# #.........
.......# #.# #..#######
.......# #.####>#
.......####.##...#
.........##....#.#
..............|#.#
..#####.#........#########
...###..#................#


You could see a water moccasin.

Vanquished Creatures
  The ghost of oldplebian the Chopper, an amateur HOCA of Ignis (D:3)
  An ogre (D:5)
  2 centaurs (D:4)
  Blork the orc (D:4)
  A scorpion (D:5)
  4 hounds
  3 iguanas
  5 adders
  9 orcs (D:4)
  9 ball pythons
  4 bats
  13 endoplasms
  A giant cockroach (D:3)
  6 goblins
  4 hobgoblins
  4 jackals (D:1)
  2 quokkas
  A frilled lizard (D:2)
  6 kobolds
  5 rats (D:2)
82 creatures vanquished.

Vanquished Creatures (others)
  5 plants (D:5)
5 creatures vanquished.

Grand Total: 87 creatures vanquished

Notes
Turn   | Place    | Note
-------+----------+-------------------------------------------
     0 | D:1      | Demosthentine the Demonspawn Gladiator began the quest for
                  | the Orb.
     0 | D:1      | Reached XP level 1. HP: 16/16 MP: 1/1
    72 | D:1      | Found a faded altar of an unknown god.
   275 | D:1      | Gained mutation: You are partially covered in slimy green
                  | scales. (AC +2) [demonic ancestry]
   275 | D:1      | Reached XP level 2. HP: 22/22 MP: 2/2
   518 | D:1      | Reached skill level 1 in Armour
  1051 | D:2      | Gained mutation: You regenerate a little health from kills.
                  | [demonic ancestry]
  1051 | D:2      | Reached XP level 3. HP: 28/28 MP: 3/3
  1062 | D:2      | You fall into a shaft and drop 1 floor!
  1360 | D:2      | Found Sofeom's One-of-a-Kind Rings.
  1391 | D:2      | Found a stormy altar of Qazlal.
  1569 | D:2      | Reached XP level 4. HP: 32/34 MP: 4/4
  1790 | D:3      | Found a runed translucent door.
  2199 | D:3      | Found a hazy altar of Hepliaklqana.
  2435 | D:3      | Noticed oldplebian's ghost (amateur HOCA)
  2457 | D:3      | Killed oldplebian's ghost
  2458 | D:3      | Gained mutation: Spells you cast may paralyse adjacent
                  | enemies. [demonic ancestry]
  2458 | D:3      | Reached XP level 5. HP: 21/41 MP: 5/5
  2458 | D:3      | Gained mutation: You have a pair of small horns on your
                  | head. [demonic ancestry]
  2458 | D:3      | Reached XP level 6. HP: 24/47 MP: 6/6
  2598 | D:4      | Noticed Blork the orc
  2612 | D:4      | Killed Blork the orc
  2693 | D:4      | Found a snail-covered altar of Cheibriados.
  2915 | D:4      | Gained mutation: You have a pair of horns on your head.
                  | [demonic ancestry]
  2915 | D:4      | Reached XP level 7. HP: 27/54 MP: 7/7
  3759 | D:5      | Entered Level 5 of the Dungeon
  3892 | D:5      | Identified the +0 scale mail of Zainninoj {Will+ rCorr}
  4240 | D:5      | Slain by a water moccasin

Illustrated notes

Levels and vault maps discovered:
D:1:      mrwooster_arrival_statue_3, layout_loops_corners,
          shapermc_ecumenical_altar_acropolis
D:2:      layout_rooms, basic_altar, serial_rivers,
          chequers_serial_rivers_room_b, chequers_serial_rivers_small_a,
          chequers_serial_rivers_large_a, chequers_serial_rivers_micro_b,
          chequers_serial_rivers_small_3, chequers_serial_rivers_micro_b,
          hangedman_abyss_or_decor_stabs, nicolae_shop_unique_rings,
          dreamdust_princess_bridge, chequers_jeans, minmay_hexomino_p4
D:3:      layout_loops_ring, mainiacjoe_overflow_paths,
          ebering_ghost_reflecting_pool
D:4:      layout_loops_corners, cheibriados_altar_1, serial_rivers,
          chequers_serial_rivers_micro_e, chequers_serial_rivers_small_3,
          chequers_serial_rivers_small_a, chequers_serial_rivers_micro_a,
          chequers_serial_rivers_room_b, chequers_serial_rivers_marsh,
          minmay_manual_mares, uniq_blork_the_orc
D:5:      layout_rooms, nicolae_overflow_crystal_walls, kennysheep_mini,
          minmay_temple_entry_from_below_b, gammafunk_ghost_gnarly_gnolls,
          minmay_manual_monstrance

Skill      XL: |  1  2  3  4  5  6 |
---------------+-------------------+-----
Armour         | 1 2 3 |  3.7
Polearms       | 3 4 |  4.8
Dodging        | 3 4 |  4.7
Fighting       | 3 4 |  4.6
Throwing       | |  1.7

Action                     |  1- 3 |  4- 6 |  7- 9 || total
---------------------------+-------+-------+-------++-------
  Melee: Trident           |   104 |    82 |    87 ||   273
         Punch             |     1 |     1 |     2 ||     4
         Unarmed           |       |     9 |       ||     9
         Headbutt          |       |     5 |    11 ||    16
  Throw: Throwing net      |       |     1 |     2 ||     3
    Use: Scroll            |     5 |     6 |     5 ||    16
         Potion            |       |     1 |     1 ||     2
   Stab: Sleeping          |     2 |       |     2 ||     4
 Armour: Leather armour    |    34 |    21 |    26 ||    81
         Skin              |       |     1 |       ||     1
  Dodge: Dodged            |    59 |    59 |    60 ||   178

Table legend: (Time is in decaauts)
 A = Elapsed time spent in this place.
 B = Non-inter-level travel time spent in this place.
 C = Inter-level travel time spent in this place.
 D = Time resting spent in this place.
 E = Time spent auto-exploring this place.
 F = Levels seen in this place.
 G = Mean time per level.
                   A        B        C        D        E       F      G
               +--------+--------+--------+--------+--------+-----+--------+
         Total |   4308 |   4189 |    119 |    232 |   3285 |   5 |  861.6 |
       Dungeon |   4308 |   4189 |    119 |    232 |   3285 |   5 |  861.6 |
               +--------+--------+--------+--------+--------+-----+--------+

Top non-repeatable levels by time:
     D:4: 1193 daAuts
     D:1: 937 daAuts
     D:3: 881 daAuts
     D:2: 812 daAuts
     D:5: 484 daAuts
